 Dungeon Crawl Stone Soup version 0.29-a0-559-g359e09b9d1 (webtiles) character file.

Game seed: 1939943709417658165

753 nobbins the Firebug (level 7, -4/52 HPs)
             Began as a Black Draconian Fire Elementalist on June 11, 2022.
             Was a Believer of Dithmenos.
             Slain by a black bear (8 damage)
             ... on level 5 of the Dungeon.
             The game lasted 00:17:22 (4663 turns).

nobbins the Firebug (DrFE)                          Turns: 4663, Time: 00:17:23

Health: -4/52      AC:  6    Str: 10    XL:     7   Next: 49%
Magic:  5/13       EV: 12    Int: 18    God:    Dithmenos [**....]
Gold:   291        SH:  0    Dex: 11    Spells: 7/14 levels left

rFire   + + .      SeeInvis .   d - staff of fire
rCold   + + .      Faith    .   (no shield)
rNeg    . . .      Spirit   .   (body armour unavailable)
rPois   .          Reflect  .   (helmet restricted)
rElec   +          Harm     .   o - scarf {rC+ rF+}
rCorr   .          Rampage  .   (no gloves)
Will    .....                   (no boots)
Stlth   ++........              (no amulet)
HPRegen 0.17/turn               f - ring of wizardry
MPRegen 0.13/turn               g - ring of protection from cold

@: wreathed by umbra
A: breathe lightning, AC +6, unfitting armour, electricity resistance,
cold-blooded
a: Breathe Lightning, Renounce Religion, Shadow Step


You were on level 5 of the Dungeon.
You worshipped Dithmenos.
Dithmenos was pleased with you.
You visited 1 branch of the dungeon, and saw 5 of its levels.

You collected 291 gold pieces.

Inventory:

Missiles
 r - a throwing net
Armour
 o - a scarf of resistance (worn)
Magical Staves
 b - a staff of cold
 d - a staff of fire (weapon)
Jewellery
 f - a ring of wizardry (left hand)
 g - a ring of protection from cold (right hand)
 n - a ring of wizardry
Wands
 p - a wand of acid (11)
 s - a wand of flame (14)
 u - a wand of charming (6)
Scrolls
 e - a scroll of amnesia
 i - a scroll of vulnerability
 k - a scroll of immolation
 l - 3 scrolls of identify
 m - a scroll of teleportation {unknown}
 q - a scroll of torment {unknown}
 t - a scroll of fear {unknown}
Potions
 a - a potion of magic
 c - 5 potions of lignification
 h - a potion of resistance
 j - 2 potions of heal wounds {unknown}


   Skills:
 + Level 1.1 Fighting
 + Level 1.9 Staves
 + Level 2.6 Dodging
 + Level 2.7 Stealth
 + Level 4.2 Spellcasting
 + Level 2.0 Conjurations
 * Level 6.1 Fire Magic
 - Level 1.5 Ice Magic


You had 7 spell levels left.
You knew the following spells:

 Your Spells              Type           Power      Damage    Failure   Level
a - Foxfire               Conj/Fire      100%       2x1d9     1%          1
b - Scorch                Fire           76%        2d9       1%          2
c - Flame Wave            Conj/Fire      27%        2d7       11%         4

Your spell library contained the following spells:

 Spells                   Type           Power      Damage    Failure   Level
 Conjure Flame            Conj/Fire      27%        6-21      3%          3
 Inner Flame              Hex/Fire       22%        N/A       4%          3
 Necrotize                Necr           12%        1d4       6%          1
 Vampiric Draining        Necr           3%         2d6       17%         3
 Agony                    Necr           3%         N/A       82%         5


Dungeon Overview and Level Annotations

Branches:
Dungeon (5/15)
 Temple: D:4-7

Altars:
Dithmenos
Qazlal
Ru
Xom
Zin

Annotations:
D:3 1 runed translucent door, Crazy Yiuf


Innate Abilities, Weirdness & Mutations

You can breathe wild blasts of lightning.
Your glossy black scales are hard. (AC +6)
You cannot fit into any form of body armour.
You are resistant to electric shocks. (rElec)
You are cold-blooded and may be slowed by cold attacks.


Message History

A wave of flame ripples out!
The flame wave engulfs the black bear!
The black bear is heavily wounded.
The flame wave engulfs the orc!
You kill the orc!
Dithmenos accepts your kill.
The flame wave engulfs the orc.
You kill the orc!
Dithmenos accepts your kill.
The flame wave engulfs the orc.
The orc is moderately wounded.
The black bear bites you but does no damage.
The black bear claws you but does no damage.
The black bear barely misses you.
A wave of flame ripples out!
The flame wave engulfs the black bear!
The black bear is almost dead.
The flame wave engulfs the orc!
You kill the orc!
Dithmenos accepts your kill.
You finish channelling waves of flame.
The black bear completely misses you. The black bear closely misses you.
The black bear misses you.
The black bear attacks as you move away!
The black bear bites you.
The black bear claws you but does no damage.
The black bear closely misses you.
The black bear attacks as you move away!
The black bear bites you.
* * * LOW HITPOINT WARNING * * *
The black bear claws you but does no damage.
The black bear misses you.
The black bear goes berserk!
The black bear attacks as you move away!
The black bear bites you but does no damage.
The black bear claws you but does no damage. x2
The black bear bites you!
* * * LOW HITPOINT WARNING * * *
The black bear claws you.
* * * LOW HITPOINT WARNING * * *
The black bear barely misses you.
The black bear attacks as you move away!
The black bear bites you!
You die...

....# #.##......>..##
#######.#####.#.....##
o.h..o..#####........####
######o..................
##.#######.......## #.o.#
##..)..## #...# ##...##
#...# ##..# #####..)#####
##@..##
#...........###h....###
........)oo..o..........
#...........#####.######
#####...##### #.# #...#
#.# #...# #.# ####...#
#.. #.....## ##


You could see a black bear (berserk) and an orc priest.

Vanquished Creatures
  A steam dragon (D:4)
  A water moccasin (D:5)
  An ogre (D:3)
  A phantom (D:5)
  A scorpion (D:5)
  A howler monkey (D:5)
  An iguana (D:4)
  An orc wizard (D:4)
  7 gnolls
  4 adders
  A white imp (D:5)
  16 orcs
  8 endoplasms
  A giant cockroach (D:1)
  4 goblins
  4 hobgoblins
  8 jackals
  6 quokkas
  2 ball pythons (D:1)
  3 bats
  3 frilled lizards
  6 kobolds
  A rat (D:1)
82 creatures vanquished.

Vanquished Creatures (others)
  An orc (D:4)
  115 foxfires
  A fungus (D:3)
117 creatures vanquished.

Grand Total: 199 creatures vanquished

Notes
Turn   | Place    | Note
-------+----------+-------------------------------------------
     0 | D:1      | nobbins the Draconian Fire Elementalist began the quest for
                  | the Orb.
     0 | D:1      | Reached XP level 1. HP: 14/14 MP: 3/3
   446 | D:1      | Reached skill level 1 in Ice Magic
   451 | D:1      | Reached XP level 2. HP: 20/20 MP: 0/5
  1190 | D:2      | Learned a level 2 spell: Scorch
  1227 | D:2      | Found a sacrificial altar of Ru.
  1509 | D:2      | Found a faded altar of an unknown god.
  1524 | D:2      | Prayed at the altar of an unknown god.
  1524 | D:2      | Became a worshipper of Dithmenos the Shadowed
  1524 | D:2      | Reached * piety under Dithmenos
  1616 | D:2      | Reached XP level 3. HP: 26/26 MP: 4/6
  2248 | D:3      | Noticed an ogre
  2251 | D:3      | Killed an ogre
  2252 | D:3      | Reached skill level 1 in Staves
  2252 | D:3      | Reached skill level 4 in Fire Magic
  2252 | D:3      | Reached XP level 4. HP: 33/33 MP: 0/7
  2460 | D:3      | Reached XP level 5. HP: 25/38 MP: 0/9
  2879 | D:3      | Found a runed translucent door.
  2880 | D:3      | Noticed Crazy Yiuf
  3326 | D:4      | Found a glowing silver altar of Zin.
  3351 | D:4      | Reached ** piety under Dithmenos
  3597 | D:4      | Found a stormy altar of Qazlal.
  3616 | D:4      | Reached XP level 6. HP: 46/46 MP: 9/11
  3621 | D:4      | Noticed a steam dragon
  3623 | D:4      | Found a sacrificial altar of Ru.
  3641 | D:4      | Killed a steam dragon
  3642 | D:4      | Reached skill level 5 in Fire Magic
  3703 | D:4      | Found a shimmering altar of Xom.
  3992 | D:4      | Learned a level 4 spell: Flame Wave
  3993 | D:5      | Entered Level 5 of the Dungeon
  4018 | D:5      | Noticed a water moccasin
  4269 | D:5      | Killed a water moccasin
  4270 | D:5      | Your scales start taking on a glossy black colour.
  4270 | D:5      | Reached XP level 7. HP: 43/51 MP: 5/12
  4270 | D:5      | Gained mutation: You are resistant to electric shocks.
                  | (rElec) [Black Draconian growth]
  4410 | D:5      | Reached skill level 1 in Fighting
  4644 | D:5      | Reached skill level 6 in Fire Magic
  4663 | D:5      | Slain by a black bear

Illustrated notes

Levels and vault maps discovered:
D:1:      elethiomel_arrival_quiet, layout_basic
D:2:      layout_loops_ring, basic_altar,
          shapermc_ecumenical_altar_starsandcircs, grunt_decor_resistance
D:3:      layout_loops_ring, uniq_crazy_yiuf_cottage
D:4:      layout_cave_pools, grunt_temple_overflow_open,
          mainiacjoe_overflow_small_starburst
D:5:      layout_loops_cross

Skill      XL: |  1  2  3  4  5  6  7 |
---------------+----------------------+-----
Ice Magic      | 1 |  1.5
Stealth        | 2 |  2.7
Staves         | 1 |  1.9
Dodging        | 2 |  2.6
Fire Magic     | 4 5 6 |  6.1
Spellcasting   | 3 4 |  4.2
Fighting       | 1 |  1.1
Conjurations   | 2 |  2.0

Action                   |  1- 3 |  4- 6 |  7- 9 || total
-------------------------+-------+-------+-------++-------
Melee: Staff             |    39 |    47 |    11 ||    97
       Tailslap          |     4 |     9 |     1 ||    14
       Punch             |     1 |     2 |       ||     3
 Cast: Foxfire           |    30 |    30 |     8 ||    68
       Scorch            |     8 |    23 |     6 ||    37
       Flame Wave        |       |     1 |     2 ||     3
 Abil: Breathe Lightning |       |       |     1 ||     1
  Use: Scroll            |     5 |       |       ||     5
Armor: Skin              |    21 |    13 |    17 ||    51
Dodge: Dodged            |    36 |    41 |    18 ||    95

Table legend: (Time is in decaauts)
 A = Elapsed time spent in this place.
 B = Non-inter-level travel time spent in this place.
 C = Inter-level travel time spent in this place.
 D = Time resting spent in this place.
 E = Time spent auto-exploring this place.
 F = Levels seen in this place.
 G = Mean time per level.
                   A        B        C        D        E       F      G
               +--------+--------+--------+--------+--------+-----+--------+
         Total |   4681 |   4575 |    106 |    918 |   2752 |   5 |  936.2 |
       Dungeon |   4681 |   4575 |    106 |    918 |   2752 |   5 |  936.2 |
               +--------+--------+--------+--------+--------+-----+--------+

Top non-repeatable levels by time:
     D:1: 1190 daAuts
     D:3: 1153 daAuts
     D:4: 1081 daAuts
     D:2: 806 daAuts
     D:5: 448 daAuts
